Map: Ulrena

Players

Oblong

  • Race: Zerg Zerg
  • League: Silver

Wellmet - Winner!

  • Race: Terran Terran
  • League: Silver

VOD

Have the link to the VOD?

Description

Time

  • Played on: Nov. 11, 2015, 2:15 a.m.
  • Length: 6:21
Show
View Real Time Build Order
Export as new Build Order

Oblong Zerg 

Build Orders: Hatch First 

Get SALT Encoding   

  12  0:01  Drone  
  13  0:08  Drone  
  14  0:18  Overlord  
  14  0:46  Drone  
  14  0:49  Hatchery  
  14  0:50  Drone  
  14  0:56  Drone  
  16  0:59  Drone  
  17  1:09  Drone  
  18  1:12  Extractor  
  17  1:24  Spawning Pool  
  17  1:25  Drone  
  17  1:35  Drone  
  18  1:44  Overlord  
  18  1:53  Drone  
  19  2:11  Queen  
  19  2:12  Queen  
  19  2:14  Zergling x6  
  26  2:18  Zergling x2  
  27  2:46  Drone x6  
  33  2:51  Metabolic Boost  
  33  3:21  Drone x3  
  33  3:22  Overlord  
  33  3:23  Overlord x2  
  37  3:41  Drone  
  37  3:42  Drone x6  
  37  3:46  Baneling Nest  
  41  3:58  Zergling x2  
  41  3:59  Zergling x2  
  42  4:06  Zergling x4  
  42  4:09  Zergling x8  
  47  4:21  Zergling x8  
  50  4:37  Zergling x2  
  50  4:38  Zergling x4  
  43  5:04  Extractor  
  43  5:05  Lair, Roach Warren  
  41  5:07  Extractor  
  41  5:08  Zergling x12  
  44  5:30  Zergling x2  
  35  5:46  Roach x3  
  35  5:47  Roach x2  
  43  6:00  Roach x2  
Show
View Real Time Build Order
Export as new Build Order

Wellmet Terran - Winner!

Build Orders: Reaper Expand 

Get SALT Encoding   

  12  0:01  SCV  
  13  0:13  SCV  
  14  0:19  Supply Depot  
  14  0:25  SCV  
  15  0:40  SCV  
  15  0:42  Barracks  
  16  0:47  Refinery  
  16  0:52  SCV  
  17  1:04  SCV  
  18  1:16  SCV  
  19  1:30  Orbital Command  
  19  1:31  Reaper  
  20  1:42  Command Center  
  20  1:52  Supply Depot  
  20  1:56  SCV  
  21  2:08  SCV  
  22  2:09  Barracks Reactor  
  22  2:20  SCV  
  23  2:26  Factory  
  23  2:30  Refinery  
  23  2:32  SCV  
  24  2:44  SCV  
  24  2:45  Marine x2  
  27  2:54  Orbital Command  
  27  2:57  SCV  
  28  3:10  SCV  
  29  3:15  Starport  
  29  3:18  Barracks Tech Lab  
  31  3:20  Hellion x2  
  31  3:21  SCV  
  31  3:22  SCV  
  35  3:33  SCV  
  36  3:37  SCV  
  36  3:38  Command Center  
  37  3:45  SCV  
  38  3:49  SCV, Siege Tank  
  42  3:57  SCV  
  42  4:01  Marine x2  
  45  4:10  Medivac  
  45  4:11  SCV  
  45  4:12  SCV  
  45  4:13  Supply Depot  
  49  4:19  Marine x2  
  49  4:21  Siege Tank  
  54  4:27  Supply Depot  
  54  4:31  Barracks  
  54  4:32  SCV x2  
  54  4:35  Liberator  
  54  4:36  Barracks  
  51  4:40  Marine x2  
  51  4:44  SCV  
  54  4:54  Orbital Command  
  54  4:59  SCV x2  
  59  5:00  Marine x2  
  59  5:04  Supply Depot  
  61  5:09  Siege Tank  
  61  5:11  SCV x2  
  66  5:17  Engineering Bay  
  66  5:20  Engineering Bay  
  66  5:23  SCV x2  
  68  5:29  Barracks Tech Lab  
  68  5:30  Barracks Tech Lab  
  68  5:32  Orbital Command  
  68  5:35  Refinery  
  68  5:38  SCV  
  68  5:39  Marine x2  
  68  5:42  SCV  
  68  5:43  Refinery  
  68  5:47  Supply Depot  
  68  5:48  Marine  
  68  5:49  Marine  
  70  5:50  SCV  
  70  5:54  SCV  
  70  5:57  Supply Depot, Marine  
  72  6:02  SCV  
  74  6:07  SCV  
  74  6:10  Barracks  
Tags
 
Add a new tag
Caveats
  • Supply blocks, unpowered buildings, or Contaminate may cause inaccurate times.
  • Supply counts are checked every 10 seconds.